 Dungeon Crawl Stone Soup version 0.29.1-15-g9cfb28693d (webtiles) character file.

Game seed: 13303381252030002152

48 dudediamond6 the Poker (level 3, -3/37 HPs)
             Began as an Ogre Gladiator on Mar 25, 2023.
             Slain by a kobold
             ... wielding a +0 whip
              (4 damage)
             ... on level 2 of the Dungeon.
             The game lasted 00:02:04 (1074 turns).

dudediamond6 the Poker (Ogre Gladiator)             Turns: 1074, Time: 00:02:05

Health: -3/37      AC:  3    Str: 20    XL:     3   Next: 72%
Magic:  3/3        EV: 10    Int:  9    God:
Gold:   51         SH:  0    Dex: 10    Spells: 2/2 levels left

rFire   . . .      SeeInvis .   a - +0 trident
rCold   . . .      Faith    .   (no shield)
rNeg    . . .      Spirit   .   b - +0 robe
rPois   .          Reflect  .   c - +0 hat
rElec   .          Harm     .   (no cloak)
rCorr   .          Rampage  .   (gloves unavailable)
Will    .....                   (boots unavailable)
Stlth   +.........              (no amulet)
HPRegen 0.12/turn               (no ring)
MPRegen 0.08/turn               (no ring)

@: no status effects
A: large, unfitting armour, tough skin 1
a: no special abilities


You were on level 2 of the Dungeon.
You visited 1 branch of the dungeon, and saw 2 of its levels.

You collected 51 gold pieces.

Inventory:

Hand Weapons
 a - a +0 trident (weapon)
Missiles
 d - 2 throwing nets (quivered)
 e - a large rock
Armour
 b - a +0 robe (worn)
 c - a +0 hat (worn)
Jewellery
 j - a ring of resist corrosion
Scrolls
 g - a scroll of identify {unknown}
 h - a scroll of blinking {unknown}
Potions
 f - a potion of mutation {unknown}
 i - a potion of degeneration {unknown}


   Skills:
 + Level 3.1 Fighting
 + Level 3.9 Polearms
 + Level 2.1 Throwing
 + Level 3.1 Dodging


You had 2 spell levels left.
You didn't know any spells.
Your spell library contained the following spells:

 Spells                   Type           Power      Damage    Failure   Level
 Animate Dead             Necr           0%         N/A       99%         4
 Borgnjor's Vile Clutch   Necr/Erth      0%         N/A       100%        5
 Summon Forest            Summ/Tloc      0%         N/A       100%        5
 Summon Mana Viper        Hex/Summ       0%         N/A       100%        5
 Death Channel            Necr           0%         N/A       100%        6
 Summon Cactus Giant      Summ           0%         N/A       100%        6


Dungeon Overview and Level Annotations

Branches:
Dungeon (2/15)

Altars:


Innate Abilities, Weirdness & Mutations

You are too large for most types of armour.
You have tough skin. (AC +1)


Message History

Unknown command.
You are too injured to fight recklessly!
You are too injured to fight recklessly!
Unknown command.
You puncture the goblin!
You kill the goblin!
You closely miss the goblin. The goblin barely misses you.
You closely miss the goblin. The goblin hits you but does no damage.
You barely miss the goblin.
A hobgoblin comes into view.
The goblin barely misses you.
You barely miss the goblin. The goblin barely misses you.
You barely miss the goblin. The goblin barely misses you.
You closely miss the goblin.
The hobgoblin no longer looks unusually strong.
The goblin hits you with a +0 club.
* * * LOW HITPOINT WARNING * * *
The hobgoblin closely misses you. The goblin attacks as you move away!
The goblin hits you with a +0 club.
* * * LOW HITPOINT WARNING * * *
You barely miss the goblin.
A goblin breaks down the door.
The hobgoblin attacks as you move away! The hobgoblin barely misses you.
The goblin hits you with a +0 club.
* * * LOW HITPOINT WARNING * * *
There is a broken door here.
You puncture the goblin!
You kill the goblin!
A goblin comes into view. It is wielding a +0 dagger.
The hobgoblin hits you but does no damage.
You closely miss the hobgoblin.
The goblin shouts!
You hear an angry hiss.
The hobgoblin barely misses you.
You puncture the hobgoblin!
You kill the hobgoblin!
You closely miss the goblin. The goblin hits you with a +0 club.
* * * LOW HITPOINT WARNING * * *
You hit the goblin.
You kill the goblin!
You closely miss the kobold. The kobold hits you with a +0 whip.
You die...

#### .... ##. +#+
#.# ....#
..###+#....#
).........#
#)).......#
+#########....$....#
.......@Kg.(.......#
...!######.........#
. .......+.........#
###.....#†.......##
#................#
#.........##+#....#
+.....†...# .....
#.....#'### ?...
.......<# ..>


You could see a goblin and a kobold.

Vanquished Creatures
  Robin (D:2)
  3 bats
  A giant cockroach (D:1)
  7 goblins
  5 hobgoblins
  5 jackals (D:1)
  2 quokkas (D:1)
  4 ball pythons (D:1)
  2 frilled lizards (D:1)
  A kobold (D:1)
  A rat (D:1)
32 creatures vanquished.

Notes
Turn   | Place    | Note
-------+----------+-------------------------------------------
     0 | D:1      | dudediamond6 the Ogre Gladiator began the quest for the
                  | Orb.
     0 | D:1      | Reached XP level 1. HP: 22/22 MP: 1/1
   257 | D:1      | Reached XP level 2. HP: 29/29 MP: 2/2
   676 | D:1      | Reached XP level 3. HP: 35/37 MP: 3/3
  1048 | D:2      | Noticed Robin
  1054 | D:2      | Killed Robin
  1072 | D:2      | HP: 1/37 [goblin/+0 club[Robin] (2)]
  1074 | D:2      | Slain by a kobold

Illustrated notes

Levels and vault maps discovered:
D:1:      saegor_arrival_miasma, layout_basic, serial_aquarium,
          aquarium_bridge_long_joined [aquarium_subvault_bridge,
          aquarium_subvault_window, aquarium_subvault_bridge,
          aquarium_subvault_window, aquarium_subvault_balcony,
          aquarium_subvault_wall], aquarium_window_1, aquarium_window_fake,
          aquarium_view_2e, aquarium_view_2f, serial_bayou_ford_a
D:2:      layout_basic, feat_on_display, uniq_robin, uniq_natasha

Skill      XL: |  1  2 |
---------------+-------+-----
Dodging        | 3 |  3.1
Fighting       | 3 |  3.1
Polearms       | |  3.9
Throwing       | |  2.1

Action                   || total
-------------------------++-------
Melee: Trident           ||   116
Throw: Throwing net      ||     1
Armor: Robe              ||    30
Dodge: Dodged            ||    63
